 Dungeon Crawl Stone Soup version 0.29-a0-492-g10b964d8d7 (webtiles) character file.

Game seed: 11625066856985395450

478 Ijustatesigmund the Firebug (level 7, 0/50 HPs)
             Began as a Gnoll Fire Elementalist on May 27, 2022.
             Slain by Edmund
             ... wielding a +2 dire flail of protection
              (13 damage)
             ... on level 5 of the Dungeon.
             The game lasted 00:08:32 (5455 turns).

Ijustatesigmund the Firebug (GnFE)                  Turns: 5455, Time: 00:08:33

Health: 0/50       AC:  6    Str: 14    XL:     7   Next: 11%
Magic:  2/15       EV: 15    Int: 16    God:
Gold:   205        SH:  5    Dex: 18    Spells: 7/17 levels left

rFire   . . .      SeeInvis .   d - +0 mace (protect)
rCold   . . .      Faith    .   (no shield)
rNeg    . . .      Spirit   .   a - +0 robe
rPois   .          Reflect  +   k - +0 helmet
rElec   .          Harm     .   w - +2 cloak
rCorr   .          Rampage  .   (no gloves)
Will    .....                   (no boots)
Stlth   +++.......              s - amulet of reflection
HPRegen 0.16/turn               i - +6 ring of strength
MPRegen 0.14/turn               q - +6 ring of dexterity

@: no status effects
A: fangs 1, strong nose, distributed training
a: no special abilities


You were on level 5 of the Dungeon.
You visited 1 branch of the dungeon, and saw 5 of its levels.

You collected 205 gold pieces.

Inventory:

Hand Weapons
 d - a +0 mace of protection (weapon)
Armour
 a - a +0 robe (worn)
 k - a +0 helmet (worn)
 w - a +2 cloak (worn)
Jewellery
 i - a +6 ring of strength (left hand)
 m - a ring of protection from cold
 q - a +6 ring of dexterity (right hand)
 s - an amulet of reflection (around neck)
Wands
 r - a wand of paralysis (15)
Scrolls
 j - 2 scrolls of fear
 l - a scroll of identify
 n - a scroll of poison
Potions
 b - a potion of magic
 c - 2 potions of brilliance
 e - a potion of heal wounds
 f - a potion of resistance
 h - a potion of attraction {unknown}
 o - a potion of haste {unknown}
 p - 5 potions of curing
 t - a potion of flight {unknown}
 u - 3 potions of cancellation {unknown}
 v - a potion of lignification {unknown}


   Skills:
 + Level 2.2 Fighting
 + Level 2.2 Short Blades
 + Level 2.2 Long Blades
 + Level 2.2 Axes
 + Level 2.2 Maces & Flails
 + Level 2.2 Polearms
 + Level 2.2 Staves
 + Level 2.2 Slings
 + Level 2.2 Bows
 + Level 2.2 Crossbows
 + Level 2.2 Throwing
 + Level 2.2 Armour
 + Level 5.1 Dodging
 + Level 4.8 Stealth
 + Level 2.2 Shields
 + Level 2.2 Unarmed Combat
 + Level 5.5 Spellcasting
 + Level 2.8 Conjurations
 + Level 1.8 Hexes
 + Level 1.8 Summonings
 + Level 1.8 Necromancy
 + Level 1.8 Translocations
 + Level 1.8 Transmutations
 + Level 5.7 Fire Magic
 + Level 1.8 Ice Magic
 + Level 1.8 Air Magic
 + Level 1.8 Earth Magic
 + Level 1.8 Poison Magic
 + Level 2.5 Invocations
 + Level 2.2 Evocations


You had 7 spell levels left.
You knew the following spells:

 Your Spells              Type           Power      Damage    Failure   Level
a - Foxfire               Conj/Fire      72%        2x1d7     2%          1
b - Scorch                Fire           44%        2d7       1%          2
c - Flame Wave            Conj/Fire      18%        2d6       24%         4
d - Stone Arrow           Conj/Erth      22%        3d8       17%         3

Your spell library contained the following spells:

 Spells                   Type           Power      Damage    Failure   Level
 Conjure Flame            Conj/Fire      18%        6-21      8%          3
 Inner Flame              Hex/Fire       16%        N/A       9%          3
 Dazzling Flash           Conj/Hex       22%        N/A       17%         3
 Iskenderun's Mystic Bla  Conj/Tloc      11%        2d4       50%         4
 Animate Armour           Summ/Erth      20%        N/A       56%         4
 Starburst                Conj/Fire      9%         6d5       98%         6
 Lehudib's Crystal Spear  Conj/Erth      5%         10d3      100%        8


Dungeon Overview and Level Annotations

Branches:
Dungeon (5/15)
 Temple: D:4-7

Altars:
Okawaru
Wu Jian

Shops:
D:1 =

Annotations:
D:4 2 transporters
D:5 Edmund


Innate Abilities, Weirdness & Mutations

You have very sharp teeth.
Your uncanny sense of smell can sniff out nearby items.
Your experience applies equally to all skills.


Message History

The foxfire hits Edmund but does no damage. x2
Casting: Foxfire (safe; 2% risk of failure)
Confirm with . or Enter, or press ? or * to list all spells.
You conjure some foxfire!
The foxfire hits Edmund but does no damage. x2
Casting: Foxfire (safe; 2% risk of failure)
Confirm with . or Enter, or press ? or * to list all spells.
Flames lash Edmund.
Edmund is lightly wounded.
Edmund's fire resistance burns away.
Edmund hits you with a +2 dire flail of protection.
Casting: Scorch (safe; 1% risk of failure)
Confirm with . or Enter, or press ? or * to list all spells.
Flames lash Edmund.
Edmund is lightly wounded.
Edmund closely misses you. Edmund misses you.
Casting: Scorch (safe; 1% risk of failure)
Confirm with . or Enter, or press ? or * to list all spells.
Flames lash Edmund.
Edmund is burned terribly!
Edmund is heavily wounded.
Edmund completely misses you.
Edmund hits you with a +2 dire flail of protection!
Casting: Scorch (safe; 1% risk of failure)
Confirm with . or Enter, or press ? or * to list all spells.
Flames lash Edmund but do no damage.
Edmund misses you.
Edmund hits you with a +2 dire flail of protection!
Casting: Scorch (safe; 1% risk of failure)
Confirm with . or Enter, or press ? or * to list all spells.
Flames lash Edmund.
Edmund is burned terribly!
Edmund is severely wounded.
Edmund hits you with a +2 dire flail of protection.
Edmund hits you with a +2 dire flail of protection!
* * * LOW HITPOINT WARNING * * *
Casting: Scorch (safe; 1% risk of failure)
Confirm with . or Enter, or press ? or * to list all spells.
Flames lash Edmund.
Edmund is burned terribly!
Edmund is almost dead.
Edmund hits you with a +2 dire flail of protection!
You die...

### #.# ## #.###.
#....# #....#
##....####.. ..#
##........... #.#
#....@@...... #.#
##[.###...... #.#
#.## ..[## #.# #.#
..# # #.## #.# .#
.## ##..## #.# .#
...##....####.## .
#.....#.......#####
##...####.........#


You could see Edmund (combustible).

Vanquished Creatures
  2 ogres (D:5)
  A scorpion (D:4)
  2 hounds
  Crazy Yiuf (D:4)
  An orc priest (D:3)
  Natasha (D:4)
  3 adders
  2 worms (D:2)
  3 dart slugs (D:1)
  2 orcs (D:3)
  10 ball pythons
  3 bats
  5 endoplasms
  2 giant cockroaches (D:2)
  6 goblins
  9 hobgoblins
  2 jackals (D:1)
  4 quokkas
  7 frilled lizards
  6 kobolds
  9 rats
81 creatures vanquished.

Vanquished Creatures (collateral kills)
  A quokka (D:2)
  2 foxfires (D:4)
3 creatures vanquished.

Vanquished Creatures (others)
  90 foxfires
  6 plants (D:4)
96 creatures vanquished.

Grand Total: 180 creatures vanquished

Notes
Turn   | Place    | Note
-------+----------+-------------------------------------------
     0 | D:1      | Ijustatesigmund the Gnoll Fire Elementalist began the quest
                  | for the Orb.
     0 | D:1      | Reached XP level 1. HP: 13/13 MP: 6/6
   213 | D:1      | Reached XP level 2. HP: 19/19 MP: 4/7
   216 | D:1      | Learned a level 2 spell: Scorch
   599 | D:1      | Found a faded altar of an unknown god.
   695 | D:1      | Found Tyughemi's Jewellery Shop.
   780 | D:1      | Reached XP level 3. HP: 21/25 MP: 6/9
   855 | D:1      | Reached skill level 5 in Spellcasting
  1147 | D:1      | Reached skill level 1 in Invocations
  1488 | D:2      | Reached skill level 1 in Fighting
  1488 | D:2      | Reached skill level 1 in Short Blades
  1488 | D:2      | Reached skill level 1 in Long Blades
  1488 | D:2      | Reached skill level 1 in Axes
  1488 | D:2      | Reached skill level 1 in Maces & Flails
  1488 | D:2      | Reached skill level 1 in Polearms
  1488 | D:2      | Reached skill level 1 in Staves
  1488 | D:2      | Reached skill level 1 in Slings
  1488 | D:2      | Reached skill level 1 in Bows
  1488 | D:2      | Reached skill level 1 in Crossbows
  1488 | D:2      | Reached skill level 1 in Throwing
  1488 | D:2      | Reached skill level 1 in Armour
  1488 | D:2      | Reached skill level 1 in Shields
  1488 | D:2      | Reached skill level 1 in Unarmed Combat
  1488 | D:2      | Reached skill level 1 in Evocations
  1586 | D:2      | Reached XP level 4. HP: 24/32 MP: 3/11
  1663 | D:2      | Learned a level 4 spell: Flame Wave
  2879 | D:3      | Reached skill level 1 in Hexes
  2879 | D:3      | Reached skill level 1 in Summonings
  2879 | D:3      | Reached skill level 1 in Necromancy
  2879 | D:3      | Reached skill level 1 in Translocations
  2879 | D:3      | Reached skill level 1 in Transmutations
  2879 | D:3      | Reached skill level 1 in Ice Magic
  2879 | D:3      | Reached skill level 1 in Air Magic
  2879 | D:3      | Reached skill level 1 in Earth Magic
  2879 | D:3      | Reached skill level 1 in Poison Magic
  2884 | D:3      | Reached XP level 5. HP: 25/37 MP: 4/12
  3645 | D:4      | Noticed Natasha
  3651 | D:4      | Killed Natasha
  3832 | D:5      | Entered Level 5 of the Dungeon
  4108 | D:4      | Reached XP level 6. HP: 41/44 MP: 8/13
  4158 | D:4      | Learned a level 3 spell: Stone Arrow
  4377 | D:4      | Found an ornate altar of the Wu Jian Council.
  4378 | D:4      | Found a transporter.
  4379 | D:4      | Found an iron altar of Okawaru.
  4387 | D:4      | Noticed a steam dragon
  4407 | D:4      | Found a transporter.
  4659 | D:4      | Found a runed translucent door.
  4660 | D:4      | Noticed Crazy Yiuf
  4853 | D:4      | Killed Crazy Yiuf
  5240 | D:5      | Reached skill level 5 in Dodging
  5321 | D:5      | Reached XP level 7. HP: 50/50 MP: 15/15
  5437 | D:5      | Noticed Edmund
  5455 | D:5      | Slain by Edmund

Illustrated notes

Levels and vault maps discovered:
D:1:      dpeg_arrival_chambers_temple_mockup, layout_basic, serial_shops, shop,
          hellmonk_ecumenical_altar_arch_garden
D:2:      minmay_door_path, layout_basic, amethyst_killhole
D:3:      layout_basic
D:4:      layout_basic, gammafunk_temple_overflow_arena, serial_bayou_lagoon_b,
          uniq_natasha, uniq_crazy_yiuf_cottage
D:5:      layout_layer_cave, gammafunk_ghost_split,
          chequers_serial_rivers_large_a, uniq_edmund

Skill      XL: |  1  2  3  4  5  6 |
---------------+-------------------+-----
Conjurations   | 2 |  2.8
Spellcasting   | 5 |  5.5
Invocations    | 1 2 |  2.5
Fighting       | 1 2 |  2.2
Short Blades   | 1 2 |  2.2
Long Blades    | 1 2 |  2.2
Axes           | 1 2 |  2.2
Maces & Flails | 1 2 |  2.2
Polearms       | 1 2 |  2.2
Staves         | 1 2 |  2.2
Slings         | 1 2 |  2.2
Bows           | 1 2 |  2.2
Crossbows      | 1 2 |  2.2
Throwing       | 1 2 |  2.2
Armour         | 1 2 |  2.2
Shields        | 1 2 |  2.2
Unarmed Combat | 1 2 |  2.2
Evocations     | 1 2 |  2.2
Hexes          | 1 |  1.8
Summonings     | 1 |  1.8
Necromancy     | 1 |  1.8
Translocations | 1 |  1.8
Transmutations | 1 |  1.8
Ice Magic      | 1 |  1.8
Air Magic      | 1 |  1.8
Earth Magic    | 1 |  1.8
Poison Magic   | 1 |  1.8
Dodging        | 5 |  5.1
Stealth        | |  4.8
Fire Magic     | |  5.7

Action                   |  1- 3 |  4- 6 |  7- 9 || total
-------------------------+-------+-------+-------++-------
Melee: Mace              |    59 |    47 |    11 ||   117
       Bite              |     6 |     7 |       ||    13
       Punch             |     1 |     1 |       ||     2
 Cast: Foxfire           |    22 |    31 |     3 ||    56
       Scorch            |    13 |    28 |     6 ||    47
Evoke: Wand              |       |     2 |       ||     2
  Use: Scroll            |       |     8 |       ||     8
       Potion            |       |     2 |       ||     2
 Stab: Sleeping          |     1 |     3 |       ||     4
       Paralysed         |       |     5 |       ||     5
Armor: Robe              |    23 |    18 |     2 ||    43
Dodge: Dodged            |    83 |    52 |    18 ||   153
Block: Other             |       |     3 |     2 ||     5

Table legend: (Time is in decaauts)
 A = Elapsed time spent in this place.
 B = Non-inter-level travel time spent in this place.
 C = Inter-level travel time spent in this place.
 D = Time resting spent in this place.
 E = Time spent auto-exploring this place.
 F = Levels seen in this place.
 G = Mean time per level.
                   A        B        C        D        E       F      G
               +--------+--------+--------+--------+--------+-----+--------+
         Total |   5492 |   5323 |    169 |    787 |   3816 |   5 | 1098.4 |
       Dungeon |   5492 |   5323 |    169 |    787 |   3816 |   5 | 1098.4 |
               +--------+--------+--------+--------+--------+-----+--------+

Top non-repeatable levels by time:
     D:4: 1565 daAuts
     D:1: 1298 daAuts
     D:2: 1076 daAuts
     D:3: 1044 daAuts
     D:5: 506 daAuts
